 Dungeon Crawl Stone Soup version 0.28-a0-1395-g4f6bc678fa (webtiles) character file.

Game seed: 4629231930737416304

158 snetch the Chopper (level 5, 0/70 HPs)
             Began as a Minotaur Berserker on Jan 4, 2022.
             Was a Follower of Trog.
             Succumbed to a kobold brigand's poison
             ... on level 3 of the Dungeon.
             The game lasted 00:04:22 (1813 turns).

snetch the Chopper (Minotaur Berserker)             Turns: 1813, Time: 00:04:22

Health: 0/70       AC:  9    Str: 23    XL:     5   Next: 16%
Magic:  4/4        EV:  8    Int:  4    God:    Trog [*.....]
Gold:   102        SH:  0    Dex: 10    Spells: 4/4 levels left

rFire   . . .      SeeInvis .   a - +0 hand axe
rCold   . . .      Faith    .   (no shield)
rNeg    . . .      Spirit   .   k - +0 chain mail
rPois   .          Reflect  .   (helmet restricted)
rElec   .          Harm     .   (no cloak)
rCorr   .          Rampage  .   (no gloves)
Will    .....                   (no boots)
Stlth   ..........              (no amulet)
HPRegen 0.21/turn               (no ring)
MPRegen 0.09/turn               (no ring)

@: berserking (expiring), lethally poisoned (0 -> -2), very quick
A: horns 2, retaliatory headbutt
a: Renounce Religion, Berserk


You were on level 3 of the Dungeon.
You worshipped Trog.
Trog was aware of your devotion.
You visited 1 branch of the dungeon, and saw 3 of its levels.

You collected 102 gold pieces.

Inventory:

Hand Weapons
 a - a +0 hand axe (weapon)
Missiles
 f - 16 sling bullets
 i - 33 stones (quivered)
 n - 4 boomerangs
Armour
 k - a +0 chain mail (worn)
Scrolls
 c - a scroll of teleportation {unknown}
 e - a scroll of fog {unknown}
 l - a scroll of identify {unknown}
 m - 2 scrolls of enchant armour {unknown}
Potions
 b - a potion of degeneration {unknown}
 d - a potion of lignification {unknown}
 g - 2 potions of mutation {unknown}
 h - a potion of curing {unknown}
 j - a potion of flight {unknown}


   Skills:
 + Level 4.5 Fighting
 + Level 5.5 Axes
 + Level 0.8 Throwing
 + Level 3.0 Armour
 + Level 3.0 Dodging
 + Level 0.4 Stealth


You had 4 spell levels left.
You didn't know any spells.
Your spell library was empty.

Dungeon Overview and Level Annotations

Branches:
Dungeon (3/15)

Altars:

Annotations:
D:1 eyes behind stone


Innate Abilities, Weirdness & Mutations

You have a pair of horns on your head.
You reflexively headbutt those who attack you in melee.


Message History

Pain shoots through your body!
Unknown command.
You feel sick.
The kobold throws a stone.
The stone hits you.
* * * LOW HITPOINT WARNING * * *
A hobgoblin comes into view.
Items here: )) [ ††.
You hit the orc priest. You headbutt the orc priest!
The orc priest is almost dead.
The orc priest mumbles some strange prayers to Beogh against you.
Beogh smites you!
* * * LOW HITPOINT WARNING * * *
Unknown command.
You barely miss the orc priest. You headbutt the orc priest.
You kill the orc priest!
Trog accepts your kill.
You slash the kobold brigand!
* * * LOW HITPOINT WARNING * * *
You feel sick.
The kobold brigand hits you but does no damage.
Your Axes skill increases to level 5!
You have reached level 4!
You feel agile.
You slash the kobold brigand! You headbutt the kobold brigand!
You kill the kobold brigand!
Trog accepts your kill.
* * * LOW HITPOINT WARNING * * *
You feel sick.
Your Armour skill increases to level 3!
Your Dodging skill increases to level 3!
You have reached level 5!
You are too berserk!
The kobold closely misses you.
You miss the kobold.
* * * LOW HITPOINT WARNING * * *
You feel sick.
Unknown command.
You hit the kobold.
You kill the kobold!
Trog accepts your kill.
You die...

. .. #. .# ..# #.
##.# ....#.####...##
....#.#........
#.....#....##
##...).g.... #
#.)#@..#... #.
#####..))#...# ..
#####.......)...?##
..
#....?......)......
#.
#.....##.####.....
#.
#.#........######...
.. #.......#.....#
.. ..
#.#####..#.##.... ..
##.#.# ##. #.


You could see a hobgoblin.

Vanquished Creatures
  A kobold brigand (D:3)
  An orc priest (D:3)
  An adder (D:2)
  4 orcs (D:3)
  3 ball pythons
  2 giant cockroaches (D:2)
  7 goblins
  2 hobgoblins (D:1)
  9 jackals
  A quokka (D:1)
  2 bats
  A frilled lizard (D:1)
  6 kobolds
  7 rats
47 creatures vanquished.

Notes
Turn   | Place    | Note
-------+----------+-------------------------------------------
     0 | D:1      | snetch the Minotaur Berserker began the quest for the Orb.
     0 | D:1      | Reached XP level 1. HP: 19/19 MP: 0/0
   108 | D:2      | Reached skill level 4 in Axes
   108 | D:2      | Reached XP level 2. HP: 26/27 MP: 1/1
   279 | D:2      | Reached XP level 3. HP: 18/33 MP: 2/2
   913 | D:1      | Found a faded altar of an unknown god.
   914 | D:1      | Noticed a floating eye
   915 | D:1      | Noticed a great orb of eyes
   919 | D:1      | Noticed a shining eye
   919 | D:1      | Noticed a great orb of eyes
  1803 | D:3      | Noticed a kobold brigand
  1808 | D:3      | HP: 2/49 [orc priest/divine providence (12)]
  1810 | D:3      | Reached skill level 5 in Axes
  1810 | D:3      | Reached XP level 4. HP: 2/41 MP: 3/3
  1810 | D:3      | Killed a kobold brigand
  1811 | D:3      | Reached XP level 5. HP: 1/47 MP: 4/4
  1813 | D:3      | Succumbed to a kobold brigand's poison

Illustrated notes

Levels and vault maps discovered:
D:1:      psy_arrival_dodecagon, layout_rooms,
          hellmonk_ecumenical_altar_watching_god, minivault_27,
          dk_noncrumbling_2
D:2:      layout_basic
D:3:      layout_rooms, corner_web_ring

Skill      XL: |  1  2  3  4 |
---------------+-------------+-----
Axes           | 4 5 |  5.5
Fighting       | 4 |  4.5
Armour         | 3 |  3.0
Dodging        | 3 |  3.0
Throwing       | |  0.8
Stealth        | |  0.4

Action                   |  1- 3 |  4- 6 || total
-------------------------+-------+-------++-------
Melee: Hand axe          |    69 |     3 ||    72
       Headbutt          |    12 |     1 ||    13
Throw: Stone             |    22 |       ||    22
Invok: Berserk           |     1 |       ||     1
 Stab: Sleeping          |     1 |       ||     1
Armor: Animal skin       |    14 |       ||    14
       Chain mail        |    11 |       ||    11
Dodge: Dodged            |    48 |     1 ||    49

Table legend: (Time is in decaauts)
 A = Elapsed time spent in this place.
 B = Non-inter-level travel time spent in this place.
 C = Inter-level travel time spent in this place.
 D = Time resting spent in this place.
 E = Time spent auto-exploring this place.
 F = Levels seen in this place.
 G = Mean time per level.
                   A        B        C        D        E       F      G
               +--------+--------+--------+--------+--------+-----+--------+
         Total |   1822 |   1575 |    247 |      0 |   1169 |   3 |  607.3 |
       Dungeon |   1822 |   1575 |    247 |      0 |   1169 |   3 |  607.3 |
               +--------+--------+--------+--------+--------+-----+--------+

Top non-repeatable levels by time:
     D:2: 983 daAuts
     D:1: 793 daAuts
     D:3: 45 daAuts
